 Dungeon Crawl Stone Soup version 0.23-b1-49-g13d5857 (webtiles) character file.

Game seed: 12899297284324623278

4854 Haldmier the Frost Mage (level 10, -6/74 HPs)
             Began as a Merfolk Ice Elementalist on Feb 2, 2019.
             Was a Believer of Vehumet.
             Killed from afar by Psyche (17 damage)
             ... with a wand of acid (3)
             ... on level 10 of the Dungeon on Feb 3, 2019.
             The game lasted 00:56:51 (12513 turns).

Haldmier the Frost Mage (Merfolk Ice Elementalist) Turns: 12513, Time: 00:56:52

Health: -6/74      AC:  1    Str:  9    XL:     10   Next: 49%
Magic:  8/16       EV: 16    Int: 17    God:    Vehumet [**....]
Gold:   251        SH:  5    Dex: 15    Spells: 5/17 levels left

rFire    + . .     SeeInvis .   J - +1 trident
rCold    . . .     Gourm    .   f - +0 buckler
rNeg     . . .     Faith    .   O - +3 troll leather armour
rPois    .         Spirit   .   a - +0 helmet
rElec    .         Reflect  .   d - +0 cloak
rCorr    .         Harm     .   (no gloves)
MR       .....                  (no boots)
Stlth    ++........             (no amulet)
HPRegen  0.62/turn              t - ring of protection from fire
MPRegen  0.15/turn              (no ring)

@: corroded
A: change form in water, swift swim, stealthy swim
a: Renounce Religion


You were on level 10 of the Dungeon.
You worshipped Vehumet.
Vehumet was pleased with you.
You were hungry.

You visited 2 branches of the dungeon, and saw 11 of its levels.

You collected 678 gold pieces.
You spent 427 gold pieces at shops.

Inventory:

Hand Weapons
 k - a +4 scimitar of flaming
 H - a +7 flail
 I - a +7 hand axe
 J - a +1 trident (weapon)
Missiles
 b - 400 stones (quivered)
Armour
 a - a +0 helmet (worn)
 d - a +0 cloak (worn)
 f - a +0 buckler (worn)
 B - a +1 robe of magic resistance
 G - a +2 robe of the Archmagi
 O - a +3 troll leather armour (worn)
Jewellery
 e - a cursed -2 ring of evasion {unknown}
 t - a ring of protection from fire (left hand)
 u - an uncursed amulet of rage
Wands
 v - a wand of polymorph (16)
 y - a wand of acid (12)
 K - a wand of enslavement (6)
 N - a wand of scattershot (4)
Scrolls
 h - 4 scrolls of identify
 i - 3 scrolls of remove curse
 l - 6 scrolls of enchant weapon
 q - 4 scrolls of teleportation
 z - 2 scrolls of fog
 C - a scroll of fear
 E - a scroll of magic mapping
 L - a scroll of vulnerability {unknown}
Potions
 g - 2 potions of heal wounds
 j - 2 potions of haste
 m - 3 potions of invisibility
 n - 2 potions of curing
 o - 6 potions of brilliance
 p - 2 potions of mutation
 r - 2 potions of might
 s - a potion of degeneration {unknown}
 w - a potion of resistance {unknown}
 x - 3 potions of flight {unknown}
 A - 2 potions of ambrosia {unknown}
 D - 3 potions of agility {unknown}
 F - 2 potions of lignification {unknown}
 M - a potion of berserk rage {unknown}
Miscellaneous
 Q - a fan of gales
 R - a lightning rod (4/4)
Comestibles
 c - 22 rations
 P - 11 chunks of flesh


   Skills:
 + Level 5.3 Fighting
 * Level 7.9 Polearms
 + Level 7.1 Dodging
 - Level 3.0 Stealth
 - Level 4.0 Shields
 - Level 4.0 Spellcasting
 + Level 2.6 Conjurations
 - Level 5.0 Charms
 + Level 4.7 Summonings
 * Level 8.6 Ice Magic


You had 5 spell levels left.
You knew the following spells:

 Your Spells              Type           Power        Failure   Level  Hunger
a - Freeze                Ice            ####         1%          1    None
b - Ozocubu's Armour      Chrm/Ice       ####....     4%          3    ###....
c - Summon Ice Beast      Ice/Summ       ####....     14%         4    ####...
d - Throw Icicle          Conj/Ice       ###.....     22%         4    ####...

Your spell library contained the following spells:

 Spells                   Type           Power        Failure   Level  Hunger
 Conjure Flame            Conj/Fire      #.......     36%         3    ###....
 Throw Frost              Conj/Ice       ###...       3%          2    ##.....
 Swiftness                Chrm/Air       ##......     12%         2    ##.....
 Shock                    Conj/Air       #...         13%         1    None
 Beastly Appendage        Tmut           #.....       22%         1    None
 Sticks to Snakes         Tmut           #.......     32%         2    ##.....
 Static Discharge         Conj/Air       #.......     36%         3    ###....
 Ice Form                 Ice/Tmut       ###.....     36%         4    ####...
 Spider Form              Tmut/Pois      #.........   54%         3    ###....
 Airstrike                Air            #.........   91%         4    ####...
 Lightning Bolt           Conj/Air       #.........   98%         5    ######.
 Blade Hands              Tmut           #.........   99%         5    ######.


Dungeon Overview and Level Annotations

Branches:
Dungeon (10/15)            Temple (1/1) D:4
   Lair: D:8-11         Orc: D:9-12

Altars:
Ashenzari
Cheibriados
Dithmenos
Elyvilon
Fedhas
Gozag
Hepliaklqana
Kikubaaqudgha
Makhleb
Nemelex Xobeh
Okawaru
Qazlal
Ru
Sif Muna
Trog
Uskayaw
Vehumet
Wu Jian
Xom
Yredelemnul
Zin
The Shining One

Shops:
D:5 :   D:7 [

Annotations:
D:8 2 transporters, Curus's ghost, novice MiFi
D:9 1 runed translucent door, Teryn's ghost, journeyman DsAK
D:10 exclusion: cyclops, Psyche


Message History

Confirm with . or Enter, or press ? or * to list all spells.
A chill wind blows around you.
Casting: Summon Ice Beast (safe; 14% risk of failure)
Confirm with . or Enter, or press ? or * to list all spells.
You don't know that spell.
Unknown command.
Casting: Summon Ice Beast (safe; 14% risk of failure)
Confirm with . or Enter, or press ? or * to list all spells.
Aiming: Throw Icicle (slightly dangerous; 22% risk of failure)
Press: ? - help, Shift-Dir - straight line, f - Psyche
Aim: Psyche, wielding a +4 dagger of chaos, wearing a +0 robe and carrying a wand of acid (4)
The shard of ice hits Psyche!
Psyche is heavily wounded.
You are feeling hungry.
Psyche zaps a wand.
The bolt of acid hits you!
* * * LOW HITPOINT WARNING * * *
The acid corrodes you!
You are splashed with acid!
* * * LOW HITPOINT WARNING * * *
Psyche zaps a wand.
The bolt of acid hits you!
You die...

.........# #.##
#+##.##### #..##
#..# ##.@# +.##
##.## #..# #..###
#+##.## ##...#
......# ###@#
.#.#.## #Y..#
#.##.### #@###
#......########.#
######..........#
#..........#
#..รท.......#
#..........# #
#..........# .##
#....).....# C...
#..........#
.....


You could see Psyche and a friendly ice beast.

Vanquished Creatures
  Erica (D:8)
  2 trolls (D:9)
  A hornet (D:9)
  2 hippogriffs
  A spriggan (D:7)
  A hungry ghost (D:7)
  A vampire mosquito (D:9)
  3 orc warriors
  A sky beast (D:5)
  An eye of draining (D:9)
  A phantom (D:7)
  4 centaurs
  A crocodile (D:9)
  4 bullfrogs
  A scorpion (D:10)
  A wyvern skeleton (D:10)
  5 killer bees (D:9)
  2 wights (D:9)
  A howler monkey (D:7)
  A jelly (D:8)
  7 crimson imps
  3 orc priests
  A bullfrog skeleton (D:8)
  Crazy Yiuf (D:4)
  5 hounds
  A centaur skeleton (D:8)
  Natasha (D:2)
  4 iguanas
  2 orc wizards
  7 worker ants
  A hound skeleton (D:5)
  A worker ant zombie (D:7)
  7 gnolls
  10 adders
  2 shadow imps
  An ooze (D:2)
  2 adder skeletons (D:2)
  3 adder zombies (D:2)
  A worm (D:5)
  3 leopard geckos (D:9)
  14 orcs
  5 bats
  2 bat skeletons (D:2)
  5 giant cockroaches
  5 goblins
  7 hobgoblins
  6 quokkas
  3 ball pythons
  8 frilled lizards
  A giant cockroach zombie (D:2)
  5 kobolds
  A leopard gecko skeleton (D:4)
  A leopard gecko zombie (D:8)
  A quokka skeleton (D:7)
  2 quokka zombies (D:2)
  2 rats
  A spectral orc (D:4)
167 creatures vanquished.

Vanquished Creatures (collateral kills)
  An ogre (D:7)
  A wight (D:9)
  An orc priest (D:10)
  2 orc wizards (D:10)
5 creatures vanquished.

Vanquished Creatures (others)
  A human (D:8)
  7 plants
8 creatures vanquished.

Grand Total: 180 creatures vanquished

Notes
Turn   | Place    | Note
-------+----------+-------------------------------------------
     0 | D:1      | Haldmier the Merfolk Ice Elementalist began the quest for
                  | the Orb.
     0 | D:1      | Reached XP level 1. HP: 13/13 MP: 3/3
   316 | D:1      | Reached XP level 2. HP: 13/20 MP: 1/5
  1216 | D:2      | Reached XP level 3. HP: 18/25 MP: 0/6
  1224 | D:2      | Reached skill level 1 in Fighting
  1527 | D:2      | Learned a level 3 spell: Ozocubu's Armour
  1770 | D:2      | Reached skill level 1 in Shields
  1944 | D:2      | Noticed Natasha
  1955 | D:2      | Killed Natasha
  1955 | D:2      | Reached XP level 4. HP: 27/32 MP: 0/7
  2584 | D:3      | Reached skill level 4 in Ice Magic
  2985 | D:3      | Reached XP level 5. HP: 37/37 MP: 5/8
  3016 | D:3      | Learned a level 4 spell: Summon Ice Beast
  3274 | D:3      | Found a shadowy altar of Dithmenos.
  3310 | D:3      | Reached skill level 1 in Charms
  3768 | D:4      | Found a staircase to the Ecumenical Temple.
  3778 | Temple   | Entered the Ecumenical Temple
  3932 | Temple   | Became a worshipper of Vehumet
  4257 | D:4      | Reached XP level 6. HP: 31/44 MP: 0/9
  4478 | D:4      | Found a basalt altar of Yredelemnul.
  4602 | D:4      | Found a runed translucent door.
  4603 | D:4      | Noticed Crazy Yiuf
  4611 | D:4      | Killed Crazy Yiuf
  4611 | D:4      | Reached skill level 1 in Summonings
  5046 | D:5      | Entered Level 5 of the Dungeon
  5303 | D:5      | Noticed a sky beast
  5317 | D:5      | Found Kiomaf's Book Shoppe.
  5648 | D:5      | HP: 2/44 [centaur/+0 whip (7)]
  5651 | D:5      | Reached XP level 7. HP: 19/51 MP: 3/11
  5877 | D:5      | Reached skill level 5 in Ice Magic
  6534 | D:6      | Reached * piety under Vehumet
  6534 | D:6      | Offered knowledge of Sting by Vehumet.
  6810 | D:6      | Reached XP level 8. HP: 41/58 MP: 6/12
  7694 | D:7      | Reached skill level 5 in Dodging
  7791 | D:7      | Reached skill level 6 in Ice Magic
  7813 | D:7      | Reached skill level 1 in Polearms
  8055 | D:7      | Noticed a spriggan baker
  8068 | D:7      | Killed a spriggan baker
  8261 | D:7      | Reached XP level 9. HP: 44/65 MP: 8/14
  8803 | D:7      | Found Irchic's Antique Armour Emporium.
  8811 | D:7      | Bought a runed troll leather armour for 342 gold pieces
  8951 | D:7      | Bought a helmet for 85 gold pieces
  9138 | D:8      | Identified the +0 buckler "Leditay" {rF+++ rC- MP+9 Dex+4}
  9152 | D:8      | Found a transporter.
  9155 | D:8      | Found a transporter.
  9165 | D:8      | Noticed Erica
  9178 | D:8      | Noticed Curus's ghost (novice MiFi)
  9330 | D:8      | Reached skill level 7 in Ice Magic
  9391 | D:8      | Learned a level 4 spell: Throw Icicle
  9438 | D:8      | Found a white marble altar of Elyvilon.
  9440 | D:8      | Found an opulent altar of Gozag.
  9497 | D:8      | Killed Erica
  9497 | D:8      | Reached skill level 5 in Polearms
  9497 | D:8      | Reached skill level 1 in Conjurations
  9768 | D:8      | Found an ancient bone altar of Kikubaaqudgha.
  9833 | D:8      | Found a stormy altar of Qazlal.
  9922 | D:8      | Found a glowing silver altar of Zin.
 10230 | D:8      | Found an iron altar of Okawaru.
 10297 | D:9      | Found a basalt altar of Yredelemnul.
 10496 | D:9      | Found a stormy altar of Qazlal.
 10500 | D:9      | Offered knowledge of Sandblast by Vehumet.
 10525 | D:9      | Reached ** piety under Vehumet
 10808 | D:9      | Reached XP level 10. HP: 73/73 MP: 16/16
 10914 | D:9      | Noticed Teryn's ghost (journeyman DsAK)
 11074 | D:9      | Reached skill level 8 in Ice Magic
 11116 | D:9      | Found a runed translucent door.
 11319 | D:9      | Reached skill level 5 in Fighting
 11663 | D:9      | Reached skill level 5 in Charms
 12144 | D:9      | Upgraded the game from 0.23-b1-6-ga921848 to
                  | 0.23-b1-49-g13d5857
 12145 | D:10     | Entered Level 10 of the Dungeon
 12394 | D:10     | Offered knowledge of Conjure Flame by Vehumet.
 12463 | D:10     | Noticed a cyclops
 12492 | D:10     | Noticed Psyche
 12513 | D:10     | Killed from afar by Psyche

Skill      XL: |  1  2  3  4  5  6  7  8  9 10 |
---------------+-------------------------------+-----
Dodging        | 3 4 5 6 7 |  7.1
Fighting       | 1 2 3 4 5 |  5.3
Shields        | 1 2 3 4 |  4.0
Ice Magic      | 4 5 6 7 8 |  8.6
Charms         | 1 2 3 4 5 |  5.0
Stealth        | 3 |  3.0
Summonings     | 1 2 3 4 |  4.7
Spellcasting   | 3 4 |  4.0
Polearms       | 3 6 7 |  7.9
Conjurations   | 1 2 |  2.6

Action                   |  1- 3 |  4- 6 |  7- 9 | 10-12 || total
-------------------------+-------+-------+-------+-------++-------
Melee: Unarmed           |     2 |       |       |       ||     2
       Short sword       |    64 |    78 |    17 |       ||   159
       Trident           |       |       |   198 |   123 ||   321
       Spear             |       |       |    22 |       ||    22
Throw: Stone             |    41 |    12 |     3 |     5 ||    61
 Cast: Freeze            |    38 |    88 |   139 |    47 ||   312
       Ozocubu's Armour  |       |     3 |     9 |     5 ||    17
       Summon Ice Beast  |       |       |     4 |    10 ||    14
       Throw Icicle      |       |       |       |     1 ||     1
  Use: Scroll            |       |     3 |    15 |       ||    18
       Potion            |       |     1 |     2 |       ||     3
 Stab: Sleeping          |     1 |     4 |    10 |     1 ||    16
       Distracted        |     1 |       |       |       ||     1
  Eat: Chunk             |     4 |     9 |    15 |     8 ||    36
       Ration            |       |     1 |     1 |       ||     2
Armor: Robe              |    10 |    14 |    22 |       ||    46
       Troll leather arm |       |       |    25 |    23 ||    48
Dodge: Dodged            |    52 |    82 |   161 |   101 ||   396
Block: Buckler           |    13 |    28 |    53 |    33 ||   127
